 Dungeon Crawl Stone Soup version 0.30.1-11-g7821555f0a (webtiles) character file.

Game seed: 14177582398978492056

1682727 diecastcamel the Conqueror (level 26, 242/242 HPs)
             Began as a Demonspawn Berserker on Nov 2, 2023.
             Was the Champion of Trog.
             Escaped with the Orb
             ... and 3 runes on Dec 1, 2023!
             The game lasted 05:26:14 (69263 turns).

diecastcamel the Conqueror (Demonspawn Berserker)  Turns: 69263, Time: 05:26:15

Health: 242/242    AC: 59    Str: 52 (53) XL:     26   Next: 75%
Magic:  23/23      EV: 27    Int: 11      God:    Trog [******]
Gold:   6266       SH: 31    Dex: 23      Spells: 25/25 levels left

rFire   + + +        C - +3 broad axe "Fore Leo" {heavy, Drain rPois rC++ rN+}
rCold   + + .        K - +1 tower shield "Weys Vuo" {rF+ rN+ Str+6}
rNeg    + + +        g - +13 crystal plate armour of the Heavens {Dex+4}
rPois   +            (helmet unavailable)
rElec   +            l - +1 cloak of Vomo {rElec Str+2}
rCorr   +            Z - +0 pair of gloves of Refuge {rCorr Str+5 SInv Stlth+}
SInv    +            I - +2 pair of slick slippers {slick, slippery, EV+4}
Will    ++++.        m - amulet of Uphawumm {Acrobat rF+++ rN+ Str+7 Int-2} Stlth
                     G - ring "Deffa" {rN+ Will+ Str+6 Int+2}
HPRegen 0.60/turn    n - ring "Cuxkuung" {rPois Will++ Dex+6 Stlth+}
MPRegen 0.18/turn

%: acrobat
@: studying 3 skills
A: horns 3, thin metallic scales 3, icemail 2, powered by pain 3, augmentation
2, condensation shield, hooves 1, wild magic 1
0: Orb of Zot
}: 3/15 runes: barnacled, silver, gossamer
a: Renounce Religion, Berserk, Trog's Hand, Brothers in Arms


You escaped.
You worshipped Trog.
Trog was exalted by your worship.
You visited 10 branches of the dungeon, and saw 50 of its levels.
You visited 1 bazaar.
You also visited: Trove, Sewer, Gauntlet and Volcano.

You collected 10463 gold pieces.
You spent 4197 gold pieces at shops.

Inventory:

Hand Weapons
 B - a +7 heavy broad axe
 C - the +3 broad axe "Fore Leo" (weapon) {heavy, Drain rPois rC++ rN+}
   (Trog gifted it to you on level 1 of the Elven Halls)

   rC:        It greatly protects you from cold.
   rPois:     It protects you from poison.
   rN:        It protects you from negative energy.
   Drain:     It drains your maximum health when unequipped.
Missiles
 P - 28 curare-tipped darts
Armour
 g - the +13 crystal plate armour of the Heavens (worn) {Dex+4}
   (You found it in a treasure trove)

   Dex:       It affects your dexterity (+4).
 l - the +1 cloak of Vomo (worn) {rElec Str+2}
   (You found it on level 14 of the Dungeon)

   Str:       It affects your strength (+2).
   rElec:     It insulates you from electricity.
 I - the +2 pair of slick slippers (worn) {slick, slippery, EV+4}
   (You acquired it on level 2 of the Realm of Zot)

   Slick:     Its wearer cannot be constricted, engulfed, netted or webbed.
   Slippery:  Its wearer slips away from damaging melee attacks, pulling the
   attacker onward.
   EV:        It affects your evasion (+4).
 K - the +1 tower shield "Weys Vuo" (worn) {rF+ rN+ Str+6}
   (You found it in a treasure trove)

   Str:       It affects your strength (+6).
   rF:        It protects you from fire.
   rN:        It protects you from negative energy.
 X - a +2 pair of boots
 Z - the +0 pair of gloves of Refuge (worn) {rCorr Str+5 SInv Stlth+}
   (You found it on level 4 of the Shoals)

   Str:       It affects your strength (+5).
   SInv:      It lets you see invisible.
   rCorr:     It protects you from acid and corrosion.
   Stlth:     It makes you more stealthy.
Jewellery
 m - the amulet of Uphawumm (around neck) {Acrobat rF+++ rN+ Str+7 Int-2}
   (You found it in a treasure trove)

   [amulet of the acrobat]

   It increases your evasion while moving and waiting.
   Str:       It affects your strength (+7).
   Int:       It affects your intelligence (-2).
   rF:        It renders you almost immune to fire.
   rN:        It protects you from negative energy.
 n - the ring "Cuxkuung" (right hand) {rPois Will++ Dex+6 Stlth+}
   (You found it in a treasure trove)

   [ring of dexterity]

   Dex:       It affects your dexterity (+6).
   rPois:     It protects you from poison.
   Will:      It greatly increases your willpower.
   Stlth:     It makes you more stealthy.
 E - the ring of Psychosis {Fly rElec rC+ Str+3}
   (You found it on level 3 of the Crypt)

   [ring of flight]

   Str:       It affects your strength (+3).
   rC:        It protects you from cold.
   rElec:     It insulates you from electricity.
   Fly:       It grants you flight.
 G - the ring "Deffa" (left hand) {rN+ Will+ Str+6 Int+2}
   (You bought it in a shop on level 4 of the Depths)

   [ring of strength]

   Str:       It affects your strength (+6).
   Int:       It affects your intelligence (+2).
   rN:        It protects you from negative energy.
   Will:      It increases your willpower.
Wands
 a - a wand of acid (22)
 u - a wand of roots (54)
 A - a wand of charming (73)
 J - a wand of polymorph (40)
 Q - a wand of mindburst (45)
 T - a wand of flame (93)
 Y - a wand of digging (14)
Scrolls
 h - 3 scrolls of butterflies
 i - 14 scrolls of enchant armour
 p - 24 scrolls of teleportation
 s - 7 scrolls of immolation
 v - 3 scrolls of enchant weapon
 y - 4 scrolls of blinking
 z - 6 scrolls of magic mapping
 D - 2 scrolls of silence
 H - 4 scrolls of brand weapon
 L - 5 scrolls of fear
 N - 7 scrolls of poison
 O - 12 scrolls of fog
Potions
 b - 10 potions of mutation
 c - 7 potions of ambrosia
 d - 14 potions of cancellation
 e - 6 potions of magic
 j - 8 potions of heal wounds
 k - 29 potions of curing
 q - 12 potions of flight
 r - 10 potions of lignification
 t - 7 potions of haste
 x - 7 potions of might
 R - a potion of resistance
 S - 6 potions of berserk rage
 U - 5 potions of invisibility
Miscellaneous
 o - a phial of floods
 w - a box of beasts
 F - a condenser vane
 V - a phantom mirror (quivered)
 W - a lightning rod (4/4)


   Skills:
 O Level 27 Fighting
 - Level 18.0 Axes
 + Level 21.5 Armour
 - Level 19.1 Dodging
 + Level 24.1 Shields
 - Level 15.0 Evocations


You had 25 spell levels left.
You didn't know any spells.
Your spell library was empty.

Dungeon Overview and Level Annotations

Branches:
Dungeon (15/15)            Temple (0/1) D:6            Lair (5/5) D:10
 Shoals (4/4) Lair:2       Spider (4/4) Lair:2        Slime (0/5) Lair:5
    Orc (2/2) D:11            Elf (3/3) Orc:2        Vaults (5/5) D:14
  Crypt (3/3) Vaults:2       Tomb (0/3) Crypt:3      Depths (4/4) D:15
    Zot (5/5) Depths:4      Sewer (visited)         Volcano (visited)
Gauntlet (visited)

Altars:
Dithmenos
Fedhas
Gozag
Hepliaklqana
Kikubaaqudgha
Nemelex Xobeh
Qazlal
Ru
Sif Muna
Uskayaw
Vehumet
Jiyva

Shops:
D:1 (   D:2 (   D:6 *!*:[   D:10 *   D:11 [   D:13 :   Orc:2 (*=[   Elf:1 [
Elf:2 !   Vaults:2 *   Depths:1 (=   Depths:4 [*(

Portals:
Hell: Depths:1 Depths:2 Depths:3 Depths:4
Abyss: Depths:1 Depths:3
Pandemonium: Depths:2
Ziggurat: Depths:4

Annotations:
D:7 1 runed translucent door, Crazy Yiuf
Shoals:1 Roxanne
Zot:2 3 runed translucent doors, Zooplokett's ghost, master HOCK


Innate Abilities, Weirdness & Mutations

You have a pair of large horns on your head.
You are completely covered in thin metallic scales. (AC +4, rElec)
A meltable icy envelope protects you from harm. (AC +8)
You are powered by pain.
Your magical and physical power is enhanced at high health.
A meltable shield of frost defends you. (SH +4)
You have large cloven feet.
Your spells are a little harder to cast, but a little more powerful.


Message History

There is a stone staircase leading up here.
You see here a scroll of amnesia.
You climb upwards.
There is a stone staircase leading down here.
There is a stone staircase leading up here.
You climb upwards.
There is a stone staircase leading down here.
(D) Dungeon (T) Temple (L) Lair (A) Shoals (N) Spider Nest (M) Slime Pits (O) Orcish Mines (E) Elven Halls (V) Vaults (C) Crypt (W) Tomb (U) Depths (H) Hell (Z) Zot
Where to? (Enter - D:3 @ (x,y), ? - help)
You climb downwards.
There is a stone staircase leading up here.
There is a stone staircase leading down here.
You climb downwards.
You block the reaper's attack.
There is a stone staircase leading up here.
You see here a scroll of amnesia.
The reaper hits you from afar with a +1 scythe of venom.
You are poisoned.
You climb upwards.
You feel very sick.
There is a stone staircase leading down here.
You feel sick.
You feel sick.
You feel sick.
You see here a +0 whip.
You feel sick.
You feel sick.
You feel sick.
You are no longer poisoned.
There is a stone staircase leading up here.
You climb upwards.
There is a stone staircase leading down here.
HP restored.
You see here a +0 club.
There is an open door here.
There is a staircase leading out of the dungeon here.
You can't go down here!
You have escaped!

#...#...###.####.#######....
#..........:...#............
#.....#.#...##.#.##....#....
#....##.#....#...##..:.#....
#..>###......######..####'##
#.....#.......######..###.#
#.....#.'#≈§≈##.......:##.#
#.....#.#.....#......#.##.##
#.....#.≈..@..≈......#......
###.###.≈..⌠..≈......#.#.#..
#.# #.#.....#......#.#.#..
#.# ####§≈≈###≈≈≈###.#.#..
#.# #......#.....#..#.#..
#.# #......≈..⌠..≈..#.+..
#.# #......≈.....≈..###..
#.####......#.....#.......
#.#.........##≈≈≈#+..####.


There were no monsters in sight!

Vanquished Creatures
  An ancient lich (Vaults:5)
  2 dread liches (Zot:5)
  Mennas (Vaults:4)
  5 orbs of fire (Zot:5)
  A pandemonium lord (Depths:1)
  Mara (Spider:3)
  A juggernaut (Depths:3)
  Bai Suzhen (Crypt:1)
  4 Killer Klowns
  2 curse toes
  Jory (Crypt:3)
  8 golden dragons
  3 doom hounds
  3 electric golems
  2 hellephants (Depths:2)
  Rupert (D:13)
  23 tentacled monstrosities
  Asterion (Vaults:1)
  28 Orb Guardians
  Mlioglotl (Shoals:2)
  An Ice Fiend (Depths:1)
  Grunn (Crypt:2)
  7 titans
  3 deep elf blademasters
  7 liches
  Gastronok (Lair:3)
  Polyphemus (Shoals:2)
  2 deep elf master archers (Elf:3)
  2 ancient champions (Crypt:3)
  16 shadow dragons
  6 quicksilver dragons
  Frances (Spider:2)
  7 death cobs
  4 sphinxes
  Agnes (Spider:4)
  6 draconian monks
  5 tengu reavers
  Kirke (Lair:4)
  23 storm dragons
  Donald (Spider:3)
  3 iron dragons
  4 deep elf sorcerers
  Louise (Shoals:2)
  4 revenants
  4 draconian knights
  8 ghost moths
  13 fire giants
  19 vault wardens
  11 frost giants
  A spectral juggernaut (Crypt:3)
  3 draconian shifters
  8 draconian scorchers
  A caustic shrike zombie (Crypt:1)
  A spectral caustic shrike (Crypt:3)
  4 deep elf elementalists (Elf:3)
  6 emperor scorpions
  Aizul (Vaults:1)
  8 draconian annihilators
  7 curse skulls
  14 ghouls
  3 spriggan defenders
  19 ironbound preservers
  4 draconian stormcallers
  A juggernaut zombie (Crypt:3)
  13 stone giants
  21 very ugly things
  2 caustic shrike skeletons
  A demonspawn corrupter (D:3)
  3 orc warlords
  A broodmother (Spider:3)
  A demonspawn blood saint (D:3)
  6 black draconians
  7 vampire knights
  The ghost of SirLogeyBear the Severer, a journeyman HOBe of Trog (D:14)
  2 ironbound thunderhulks
  9 green draconians
  Azrael (Spider:2)
  17 red draconians
  The ghost of Viydgh the Carver, a journeyman FoNe of Sif Muna (D:14)
  13 purple draconians
  5 dire elephants
  6 deep elf annihilators
  6 deep elf demonologists
  13 white draconians
  A minotaur (Gauntlet)
  10 yellow draconians
  9 spark wasps
  13 jiangshi
  7 spectral quicksilver dragons (Crypt:3)
  11 eidola
  10 ettins
  Josephine (D:11)
  12 deep elf death magi
  5 great orbs of eyes
  10 merfolk impalers
  4 merfolk javelineers
  15 fire dragons
  36 vault guards
  3 spectral spriggans (Crypt:3)
  A deep elf high priest (Elf:3)
  A green death (Zot:5)
  14 yaktaur captains
  4 entropy weavers
  A rakshasa (Depths:1)
  12 ice dragons
  5 hydras
  A hell beast (Zot:5)
  An ogre mage (Volcano)
  A spriggan zombie (Depths:3)
  An alligator snapping turtle (Shoals:3)
  An Orb Guardian zombie (Crypt:3)
  6 merfolk avatars
  8 spriggan air magi
  A jorogumo (Spider:3)
  4 catoblepae
  A fenstrider witch skeleton (Crypt:1)
  4 radroaches
  8 ironbound frosthearts
  15 centaur warriors
  2 death knights
  20 dancing weapons
  12 boulder beetles
  An anaconda (shapeshifter) (Vaults:5)
  10 two-headed ogres
  5 hell hogs (Depths:2)
  6 merfolk aquamancers (Shoals:4)
  A satyr (shapeshifter) (Depths:2)
  2 titan zombies
  A death scarab (Spider:1)
  17 death yaks
  5 deep troll earth magi
  5 tengu warriors
  6 vampire magi
  An orc high priest (Orc:2)
  An azure jelly zombie (Crypt:2)
  5 spriggan berserkers
  10 deep troll shamans
  5 soul eaters
  2 spectral dire elephants (Crypt:3)
  15 hell knights
  17 deep elf knights
  2 thrashing horrors (Gauntlet)
  7 pharaoh ants
  A sixfirhy (Depths:4)
  Nergalle (Orc:2)
  6 shadow wraiths
  Amaemon (Lair:2)
  A spriggan (Depths:4)
  A storm dragon skeleton (Depths:1)
  A titan skeleton (Depths:3)
  6 skysharks
  Sonja (D:13)
  17 skeletal warriors
  2 bunyip zombies
  A fire crab (shapeshifter) (D:14)
  6 iron trolls
  15 orb spiders
  An orb spider (shapeshifter) (Elf:1)
  42 deep trolls
  A kraken simulacrum (Shoals:4)
  9 sea snakes
  An orange crystal statue (D:13)
  4 bog bodies
  3 glowing orange brains
  A shadow demon (D:3)
  2 tengu zombies
  2 swamp dragons (D:12)
  11 flayed ghosts
  7 wizards
  11 lindwurms
  14 necromancers
  10 steelbarb worms
  8 orc knights
  An obsidian statue (D:13)
  16 harpies
  14 ironbound convokers
  23 deep elf pyromancers
  A spectral hydra (Crypt:3)
  7 deep elf archers
  11 phantasmal warriors
  2 golden dragon skeletons (Depths:3)
  An orc sorcerer (Orc:1)
  41 ugly things
  22 wolf spiders
  2 frost giant zombies
  23 deep elf zephyrmancers
  An iron dragon zombie (Depths:3)
  A jorogumo skeleton (Crypt:3)
  A fire giant zombie (Depths:1)
  A shining eye (D:12)
  2 shadow dragon skeletons
  2 oklob plants (Lair:5)
  A sphinx skeleton (Depths:3)
  28 moths of wrath
  6 fauns
  8 cyclopes
  18 manticores
  13 vault sentinels
  9 elephants
  A moth of wrath (shapeshifter) (Vaults:5)
  A shock serpent zombie (Crypt:3)
  8 demonic crawlers
  4 black mambas
  15 merfolk sirens
  A fire giant skeleton (D:15)
  A spectral centaur (Crypt:3)
  5 water nymphs
  A gargoyle (D:14)
  A black draconian zombie (Crypt:1)
  Maggie (D:6)
  4 torpor snails
  2 dire elephant skeletons (Crypt:2)
  An unseen horror (D:11)
  7 cane toads
  2 storm dragon simulacra
  2 yaktaur zombies
  A rime drake (Lair:2)
  A bunyip simulacrum (Crypt:2)
  35 yaktaurs
  A spark wasp simulacrum (Depths:3)
  2 kobold demonologists
  An efreet (D:14)
  2 komodo dragons (shapeshifter)
  A grey draconian skeleton (Crypt:1)
  A guardian mummy (D:15)
  3 tengu conjurers
  A yaktaur skeleton (Vaults:2)
  17 freezing wraiths
  7 komodo dragons
  3 spectral harpies (Crypt:3)
  A meliai (Lair:2)
  7 trolls
  A green draconian skeleton (Crypt:3)
  The ghost of pkoi the Ruffian, an amateur DrMo (D:4)
  21 merfolk
  12 wind drakes
  3 polar bears
  Prince Ribbit (D:6)
  A shadow dragon simulacrum (Crypt:1)
  4 tyrant leeches (Spider:3)
  2 hornets
  A moth of wrath zombie (Crypt:1)
  A harpy skeleton (Crypt:1)
  4 blink frogs (Lair:5)
  21 tarantellas
  An elf zombie (Vaults:4)
  A fire dragon zombie (Crypt:1)
  19 dream sheep
  9 snapping turtles
  2 stone giant simulacra (Crypt:3)
  Sigmund (D:3)
  A meliai zombie (Crypt:1)
  25 culicivoras
  18 flying skulls
  A black mamba zombie (Crypt:2)
  A dire elephant simulacrum (Crypt:3)
  An elf simulacrum (Vaults:4)
  27 jumping spiders
  4 spriggan skeletons
  11 wraiths
  25 slime creatures
  A vampire (D:12)
  5 air elementals
  3 shadows
  13 water elementals
  4 wyverns
  3 basilisks
  A tyrant leech zombie (Crypt:1)
  An alligator snapping turtle simulacrum (Crypt:1)
  2 steam dragons
  2 hogs (Lair:4)
  4 vampire mosquitoes (D:11)
  5 fire elementals
  58 yaks
  A neqoxec (D:7)
  72 redbacks
  A glowing shapeshifter zombie (Vaults:2)
  A harpy simulacrum (Crypt:2)
  3 acid dragons
  3 wargs
  11 water moccasins
  The ghost of meatcentipede the Trooper, an amateur VSFi (D:6)
  A water moccasin (shapeshifter) (Vaults:5)
  5 hell hounds
  A hydra simulacrum (Crypt:3)
  A floating eye (shapeshifter) (Vaults:5)
  A black bear (shapeshifter) (Vaults:5)
  An ettin simulacrum (Depths:1)
  30 orc warriors
  3 black bears
  A sky beast (D:8)
  A human zombie (Vaults:4)
  A hog zombie (Crypt:2)
  8 ogres
  4 boggarts (Vaults:4)
  7 centaurs
  A phantom (D:5)
  15 kobold brigands
  A gnoll sergeant (D:10)
  Blork the orc (D:6)
  10 bullfrogs
  6 necrophages
  2 scorpions
  2 earth elementals (Elf:1)
  A naga simulacrum (Crypt:3)
  A human simulacrum (Depths:3)
  17 wights
  4 small abominations (Gauntlet)
  A yak zombie (Crypt:3)
  22 killer bees
  2 water moccasin skeletons
  A troll skeleton (Crypt:3)
  2 electric eels
  A howler monkey (D:9)
  A jelly (D:7)
  A quasit (D:7)
  4 hounds
  A gnoll bouda (D:7)
  18 orc priests
  2 centaur skeletons
  2 sleepcaps
  Ijyb (D:5)
  2 iguanas
  28 orc wizards
  4 hell rats (Lair:5)
  A howler monkey zombie (D:4)
  8 adders
  12 gnolls
  A shadow imp (D:6)
  5 white imps
  An ufetubus (D:7)
  A jelly zombie (Crypt:2)
  A lava snake skeleton (Crypt:2)
  2 worms
  3 dart slugs
  98 orcs
  7 ball pythons
  A bat skeleton (Crypt:3)
  5 endoplasms
  A giant cockroach (D:4)
  A goblin (shapeshifter) (Vaults:5)
  7 goblins
  5 hobgoblins
  7 jackals
  A quokka (D:1)
  3 bats
  2 frilled lizards
  A frilled lizard zombie (Crypt:1)
  A gnoll zombie (Crypt:3)
  A hobgoblin zombie (Crypt:1)
  25 kobolds
  A quokka zombie (Crypt:3)
  2 rats
  2 river rat zombies (Crypt:2)
  18 butterflies
  A spectral weapon (Vaults:1)
2300 creatures vanquished.

Vanquished Creatures (collateral kills)
  A kraken (Shoals:3)
  Urug (D:10)
  An orange demon (Lair:2)
  A culicivora (Spider:4)
  A redback (Spider:4)
  A warg (Orc:1)
  3 orc warriors (Orc:1)
  A centaur (D:5)
  A bullfrog (Lair:2)
  An orc wizard (Orc:1)
  An orc (Orc:1)
  A tentacle (Shoals:3)
14 creatures vanquished.

Vanquished Creatures (others)
  An emperor scorpion (Spider:4)
  An ironbound preserver (Vaults:4)
  An ettin (Vaults:5)
  A vampire mage (Depths:3)
  4 deep elf knights
  A deep elf zephyrmancer (Elf:1)
  A wolf spider (Spider:4)
  A merfolk (Shoals:4)
  4 starspawn tentacles (Shoals:2)
  24 tentacles
39 creatures vanquished.

Grand Total: 2353 creatures vanquished

Notes
Turn   | Place    | Note
-------+----------+-------------------------------------------
     0 | D:1      | diecastcamel the Demonspawn Berserker began the quest for
                  | the Orb.
     0 | D:1      | Reached XP level 1. HP: 18/18 MP: 1/1
   105 | D:1      | Gained mutation: You sometimes gain a little power by
                  | taking damage. [demonic ancestry]
   105 | D:1      | Reached XP level 2. HP: 14/24 MP: 2/2
   271 | D:1      | Found Qaiq's Weapon Boutique.
   560 | D:1      | Reached skill level 4 in Fighting
  1033 | D:2      | Gained mutation: You have a pair of small horns on your
                  | head. [demonic ancestry]
  1033 | D:2      | Reached XP level 3. HP: 31/31 MP: 3/3
  1179 | D:2      | Found Pealiaf's Antique Weapon Boutique.
  1196 | D:2      | Bought a glowing whip for 110 gold pieces
  1749 | D:3      | Reached ** piety under Trog
  1754 | D:3      | Found a radiant altar of Vehumet.
  1772 | D:3      | Found a shimmering blue altar of Sif Muna.
  1895 | D:3      | Gained mutation: You are partially covered in thin metallic
                  | scales. (AC +2) [demonic ancestry]
  1895 | D:3      | Reached XP level 4. HP: 37/38 MP: 4/4
  2101 | D:3      | Noticed Sigmund
  2313 | D:4      | Noticed a black bear
  2329 | D:4      | Killed a black bear
  2330 | D:4      | Gained mutation: You have a pair of horns on your head.
                  | [demonic ancestry]
  2330 | D:4      | Reached XP level 5. HP: 43/43 MP: 5/5
  2374 | D:4      | Found a glowing drain.
  2399 | Sewer    | Entered a sewer
  2459 | Sewer    | Noticed a water moccasin
  2472 | Sewer    | Killed a water moccasin
  2473 | Sewer    | Reached skill level 5 in Axes
  2473 | Sewer    | Reached XP level 6. HP: 49/49 MP: 6/6
  2609 | D:4      | Found a transporter.
  2612 | D:4      | Noticed pkoi's ghost (amateur DrMo)
  2648 | D:4      | Found a transporter.
  2916 | D:4      | Found a sacrificial altar of Ru.
  3306 | D:5      | Entered Level 5 of the Dungeon
  3306 | D:5      | Noticed Ijyb
  3312 | D:5      | Gained mutation: A meltable shield of frost defends you.
                  | (SH +4) [demonic ancestry]
  3312 | D:5      | Reached XP level 7. HP: 55/55 MP: 7/7
  3322 | D:5      | Killed Ijyb
  3426 | D:5      | You fall into a shaft and drop 1 floor!
  3438 | D:6      | Noticed Maggie
  3454 | D:6      | Killed Maggie
  3455 | D:6      | Reached skill level 5 in Fighting
  3783 | D:5      | Reached XP level 8. HP: 39/63 MP: 8/8
  4190 | D:3      | Killed Sigmund
  4623 | D:6      | Noticed Blork the orc
  4629 | D:6      | Killed Blork the orc
  4635 | D:6      | Identified the +8 whip of Crusades {flame, Will++ Stlth+}
  4636 | D:6      | Noticed Prince Ribbit
  4672 | D:6      | Killed Prince Ribbit
  4673 | D:6      | Reached skill level 10 in Axes
  4963 | D:6      | Found a staircase to the Ecumenical Temple.
  4994 | D:6      | Reached XP level 9. HP: 69/69 MP: 9/9
  5114 | D:6      | Reached *** piety under Trog
  5190 | D:6      | Reached skill level 1 in Evocations
  5228 | D:6      | Reached skill level 6 in Fighting
  5330 | D:6      | Found Cioviek's Assorted Antiques.
  5335 | D:6      | Bought a scroll labelled FECAUTHEUMI for 27 gold pieces
  5335 | D:6      | Bought a scroll of identify for 54 gold pieces
  5349 | D:6      | Bought a kite shield for 121 gold pieces
  5576 | D:6      | Found Ukinno's Distillery.
  5636 | D:6      | Found a shadowy altar of Dithmenos.
  5637 | D:6      | Found a hide-covered altar of Uskayaw.
  5664 | D:6      | Found Paboaleb's Assorted Antiques.
  5666 | D:6      | Found Woebb's Antique Armour Boutique.
  5667 | D:6      | Found Goolly's Book Boutique.
  5686 | D:6      | Found a runed translucent gate.
  5686 | D:6      | Found a runed translucent gate.
  5686 | D:6      | Found a runed translucent gate.
  5687 | D:6      | Noticed meatcentipede's ghost (amateur VSFi)
  5687 | D:6      | Noticed a kobold demonologist
  6386 | D:7      | Reached skill level 1 in Shields
  6834 | D:7      | Reached **** piety under Trog
  7277 | D:7      | Found a runed translucent door.
  7278 | D:7      | Noticed Crazy Yiuf
  7543 | D:6      | Bought a tiny cameo amulet for 130 gold pieces
  7730 | D:8      | Gained mutation: A meltable icy envelope protects you from
                  | harm. (AC +8) [demonic ancestry]
  7730 | D:8      | Reached XP level 10. HP: 65/77 MP: 10/10
  8044 | D:8      | Found an opulent altar of Gozag.
  8051 | D:8      | Found an opulent altar of Gozag.
  8051 | D:8      | Found an opulent altar of Gozag.
  8060 | D:8      | Found an opulent altar of Gozag.
  8518 | D:9      | Reached skill level 7 in Fighting
  9026 | D:9      | Reached ***** piety under Trog
  9356 | D:9      | Noticed a deep elf pyromancer
  9366 | D:9      | Killed a deep elf pyromancer
  9367 | D:9      | Reached skill level 5 in Evocations
  9584 | D:10     | Entered Level 10 of the Dungeon
  9590 | D:10     | Found Geozil's General Store.
  9631 | D:10     | Bought a scroll of identify for 30 gold pieces
  9631 | D:10     | Bought a scroll of identify for 30 gold pieces
  9640 | D:10     | Found a staircase to the Lair.
  9686 | D:10     | Noticed Urug
  9696 | D:10     | Killed Urug
  9697 | D:10     | Reached skill level 8 in Fighting
  9710 | D:10     | Received a gift from Trog
  9765 | D:10     | Paralysed by a hornet for 3 turns
  9825 | D:10     | Found a stormy altar of Qazlal.
  9839 | D:10     | Reached XP level 11. HP: 86/86 MP: 11/11
  9885 | D:10     | Noticed a two-headed ogre
  9910 | D:10     | Killed a two-headed ogre
  9911 | D:10     | Reached skill level 5 in Shields
 10615 | Lair:1   | Entered Level 1 of the Lair of Beasts
 10896 | Lair:1   | Reached skill level 5 in Dodging
 10909 | Lair:1   | Reached skill level 5 in Armour
 11494 | Lair:1   | Noticed a seven-headed hydra
 11515 | Lair:1   | Killed a seven-headed hydra
 11639 | Lair:2   | Reached skill level 9 in Fighting
 11782 | Lair:2   | Found a staircase to the Shoals.
 11861 | Lair:2   | Noticed a four-headed hydra
 11876 | Lair:2   | Killed a four-headed hydra
 12038 | Lair:2   | Noticed Amaemon
 12048 | Lair:2   | Killed Amaemon
 12052 | Lair:2   | Reached XP level 12. HP: 83/95 MP: 12/12
 12339 | Lair:2   | Found a hole to the Spider Nest.
 13291 | Lair:3   | Found a dark tunnel.
 13351 | Volcano  | Entered a volcano
 13502 | Volcano  | Noticed a two-headed ogre
 13509 | Volcano  | Killed a two-headed ogre
 13510 | Volcano  | Reached skill level 10 in Fighting
 13538 | Volcano  | Noticed a two-headed ogre
 13538 | Volcano  | Noticed a two-headed ogre
 13538 | Volcano  | Noticed an ogre mage
 13551 | Volcano  | Killed a two-headed ogre
 13562 | Volcano  | Killed an ogre mage
 13567 | Volcano  | Killed a two-headed ogre
 14056 | Lair:3   | Noticed Gastronok
 14114 | Lair:3   | Killed Gastronok
 14784 | Lair:4   | Noticed Kirke
 14803 | Lair:4   | Killed Kirke
 14804 | Lair:4   | Gained mutation: You are mostly covered in thin metallic
                  | scales. (AC +3) [demonic ancestry]
 14804 | Lair:4   | Reached XP level 13. HP: 57/104 MP: 13/13
 15076 | Lair:4   | Received a gift from Trog
 15327 | Lair:4   | Reached skill level 11 in Fighting
 16307 | Lair:5   | Entered Level 5 of the Lair of Beasts
 16913 | Lair:5   | Found a viscous altar of Jiyva.
 17927 | Lair:4   | Reached skill level 12 in Fighting
 18158 | Lair:5   | Gained mutation: You have a pair of large horns on your
                  | head. [demonic ancestry]
 18158 | Lair:5   | Reached XP level 14. HP: 89/115 MP: 14/14
 18695 | Lair:5   | Found a staircase to the Slime Pits.
 19082 | D:10     | Reached skill level 10 in Shields
 19151 | D:11     | Found a staircase to the Orcish Mines.
 19350 | D:11     | Identified the +0 leather armour of an ossuary {Rampage
                  | Str+5}
 19449 | D:11     | Found Loudd's Armour Boutique.
 19804 | D:11     | Noticed Josephine
 19821 | D:11     | Killed Josephine
 19821 | D:11     | Received a gift from Trog
 19986 | D:11     | Found a blossoming altar of Fedhas.
 20103 | Orc:1    | Entered Level 1 of the Orcish Mines
 20282 | Orc:1    | You fall into a shaft and drop 1 floor!
 20282 | Orc:2    | Entered Level 2 of the Orcish Mines
 20339 | Orc:2    | Found a staircase to the Elven Halls.
 20472 | Orc:1    | Noticed an orc warlord
 20478 | Orc:1    | Killed an orc warlord
 20484 | Orc:1    | Reached skill level 10 in Evocations
 21004 | Orc:2    | Noticed Nergalle
 21013 | Orc:2    | Received a gift from Trog
 21015 | Orc:2    | Noticed an orc warlord
 21633 | Orc:1    | Killed an orc warlord
 21647 | Orc:2    | Killed Nergalle
 21693 | Orc:2    | Found Eplunefu's Jewellery Boutique.
 21806 | Orc:2    | Found Qeopeifi's Antique Weapon Boutique.
 21821 | Orc:2    | Found Maliucw's General Store.
 21838 | Orc:2    | Found Bailurph's Antique Armour Boutique.
 22063 | D:11     | Bought a +0 pair of boots for 67 gold pieces
 22152 | D:6      | Bought a pair of steaming gloves for 313 gold pieces
 22152 | D:6      | Identified the +1 pair of gloves "Gysium" {Stlth+} (You
                  | bought it in a shop on level 6 of the Dungeon)
 22163 | D:6      | Bought a runed plate armour for 858 gold pieces
 22622 | D:12     | Reached skill level 13 in Fighting
 23720 | D:13     | Found a portal to a secret trove of treasure.
 23806 | D:13     | Found Qieme's Tremendous Tomes.
 23826 | D:13     | Found a gate leading to a gauntlet.
 23835 | Gauntlet | Entered a Gauntlet
 23835 | Gauntlet | Found a transporter.
 23844 | Gauntlet | Found a transporter.
 23860 | Gauntlet | Found a transporter.
 23864 | Gauntlet | Found a transporter.
 23875 | Gauntlet | Found a transporter.
 23894 | Gauntlet | Found a transporter.
 23898 | Gauntlet | Found a transporter.
 23902 | Gauntlet | Found a transporter.
 23925 | Gauntlet | Noticed a cacodemon
 23932 | Gauntlet | Found a transporter.
 23932 | Gauntlet | Found a transporter.
 23940 | Gauntlet | Found a transporter.
 23979 | Gauntlet | Found a transporter.
 24302 | Gauntlet | Reached XP level 15. HP: 123/123 MP: 5/15
 24347 | Gauntlet | Identified the +4 pair of gloves "Miem" {Harm rC+ Will+
                  | Stlth-}
 24347 | Gauntlet | Identified the +0 dire flail of Xampatig {flame, Str+3}
 24394 | D:13     | Noticed Sonja
 24398 | D:13     | Killed Sonja
 24627 | D:13     | Noticed Rupert
 24643 | D:13     | Killed Rupert
 24827 | D:13     | Identified the +5 scimitar of Doom {spect, Drain rElec
                  | rN+++ Dex-3}
 25348 | Spider:1 | Entered Level 1 of the Spider Nest
 25355 | Lair:2   | Received a gift from Trog
 26232 | Spider:1 | Reached skill level 15 in Axes
 26434 | Spider:1 | You fall into a shaft and drop 1 floor!
 27362 | Spider:2 | Noticed Azrael
 27373 | Spider:2 | Killed Azrael
 27374 | Spider:2 | Reached skill level 14 in Fighting
 27542 | Spider:2 | Received a gift from Trog
 27698 | Spider:2 | Noticed Frances
 27857 | Spider:2 | Killed Frances
 28422 | Spider:2 | Gained mutation: You sometimes gain power by taking damage.
                  | [demonic ancestry]
 28422 | Spider:2 | Reached XP level 16. HP: 127/133 MP: 16/16
 28658 | Spider:3 | Noticed Mara
 28672 | Spider:3 | Noticed diecastcamel's illusion
 28673 | Spider:3 | Killed Mara
 28897 | Spider:3 | Reached ****** piety under Trog
 28924 | Spider:3 | Received a gift from Trog
 29067 | Spider:3 | Noticed Donald
 29084 | Spider:3 | Killed Donald
 29150 | Spider:3 | Found the +8 demon blade "Leech" {evervamp, Harm Drain rN+}
 29167 | Spider:3 | Identified the +2 leather armour of Cheibriados, Cursing
                  | {Str+4}
 29363 | Spider:3 | Reached skill level 10 in Dodging
 29423 | Spider:3 | Reached skill level 10 in Armour
 29818 | Shoals:1 | Entered Level 1 of the Shoals
 29998 | Shoals:1 | Reached skill level 15 in Fighting
 30082 | Lair:2   | Received a gift from Trog
 30346 | Shoals:1 | Identified Roxanne's Folio of Transmutation
 30346 | Shoals:1 | Noticed Roxanne
 30846 | Shoals:2 | Noticed Mlioglotl
 30861 | Shoals:2 | Noticed a tentacled starspawn
 30867 | Shoals:2 | Noticed a tentacled starspawn
 30869 | Shoals:2 | Noticed a tentacled starspawn
 30870 | Shoals:2 | Killed Mlioglotl
 30980 | Shoals:2 | Identified the +0 tower shield of the Pleiades {Harm rN++}
 30980 | Shoals:2 | Noticed Louise
 31004 | Shoals:2 | Killed Louise
 31156 | Shoals:2 | Noticed Polyphemus
 31178 | Shoals:2 | Killed Polyphemus
 31479 | Shoals:2 | Gained mutation: You are completely covered in thin
                  | metallic scales. (AC +4, rElec) [demonic ancestry]
 31479 | Shoals:2 | Reached XP level 17. HP: 142/142 MP: 17/17
 31807 | Shoals:3 | Noticed a kraken
 31829 | Shoals:3 | Killed a kraken
 32309 | Shoals:3 | Received a gift from Trog
 32622 | Shoals:4 | Entered Level 4 of the Shoals
 32959 | Shoals:4 | HP: 6/144 [merfolk impaler/+0 trident of pain (6)]
 33071 | Shoals:4 | Noticed a kraken
 33548 | Shoals:4 | Reached skill level 16 in Fighting
 33845 | Shoals:4 | Received a gift from Trog
 34121 | Shoals:4 | Identified the +0 pair of gloves of Refuge {rCorr Str+5
                  | SInv Stlth+}
 34520 | Shoals:4 | Got a barnacled rune of Zot
 34790 | Spider:4 | Entered Level 4 of the Spider Nest
 35069 | Spider:4 | Received a gift from Trog
 35260 | Spider:4 | Noticed Agnes
 35271 | Spider:4 | Killed Agnes
 35386 | Spider:3 | Reached XP level 18. HP: 110/153 MP: 18/18
 36484 | Spider:4 | Got a gossamer rune of Zot
 37336 | D:14     | Received a gift from Trog
 37525 | D:14     | Found a runed translucent gate.
 37525 | D:14     | Found a runed translucent gate.
 37525 | D:14     | Found an ancient bone altar of Kikubaaqudgha.
 37525 | D:14     | Found a runed translucent gate.
 37525 | D:14     | Noticed a lich
 37525 | D:14     | Noticed a lich
 37525 | D:14     | Noticed Viydgh's ghost (journeyman FoNe)
 37525 | D:14     | Noticed a lich
 37526 | D:14     | Noticed SirLogeyBear's ghost (journeyman HOBe)
 37755 | D:14     | Found a gate to the Vaults.
 37768 | D:14     | Reached skill level 17 in Fighting
 37986 | D:15     | Entered Level 15 of the Dungeon
 38216 | D:15     | Found a staircase to the Depths.
 38403 | D:15     | Found a sparkling altar of Nemelex Xobeh.
 38847 | Vaults:1 | Entered Level 1 of the Vaults
 38883 | Vaults:1 | Received a gift from Trog
 38898 | Vaults:1 | Noticed Aizul
 38903 | Vaults:1 | Killed Aizul
 38989 | Vaults:1 | Noticed Asterion
 39004 | Vaults:1 | Killed Asterion
 39153 | Vaults:1 | Found a huge runed gate.
 39153 | Vaults:1 | Found a huge runed gate.
 39153 | Vaults:1 | Found a huge runed gate.
 39155 | Vaults:1 | Found a huge runed gate.
 39155 | Vaults:1 | Found a huge runed gate.
 39156 | Vaults:1 | Found a huge runed gate.
 39156 | Vaults:1 | Found a huge runed gate.
 39157 | Vaults:1 | Found a huge runed gate.
 39157 | Vaults:1 | Found a huge runed gate.
 39157 | Vaults:1 | Found a huge runed gate.
 39163 | Vaults:1 | Found a huge runed gate.
 39163 | Vaults:1 | Found a huge runed gate.
 39163 | Vaults:1 | Found a huge runed gate.
 39163 | Vaults:1 | Found a huge runed gate.
 39163 | Vaults:1 | Found a huge runed gate.
 39163 | Vaults:1 | Found a huge runed gate.
 39164 | Vaults:1 | Found a huge runed gate.
 39165 | Vaults:1 | Found a huge runed gate.
 39166 | Vaults:1 | Found a huge runed gate.
 39174 | Vaults:1 | Found a huge runed gate.
 39174 | Vaults:1 | Found a huge runed gate.
 39174 | Vaults:1 | Found a huge runed gate.
 39174 | Vaults:1 | Found a huge runed gate.
 39174 | Vaults:1 | Found a huge runed gate.
 39174 | Vaults:1 | Found a huge runed gate.
 39174 | Vaults:1 | Found a huge runed gate.
 39175 | Vaults:1 | Found a huge runed gate.
 39199 | Vaults:1 | Found a huge runed gate.
 39553 | Vaults:1 | Gained mutation: You are powered by pain. [demonic
                  | ancestry]
 39553 | Vaults:1 | Reached XP level 19. HP: 121/161 MP: 19/19
 40194 | Vaults:1 | Found a huge runed gate.
 40194 | Vaults:1 | Found a huge runed gate.
 40194 | Vaults:1 | Found a huge runed gate.
 40194 | Vaults:1 | Found a huge runed gate.
 40194 | Vaults:1 | Found a huge runed gate.
 40194 | Vaults:1 | Found a huge runed gate.
 40195 | Vaults:1 | Found a huge runed gate.
 40196 | Vaults:1 | Found a huge runed gate.
 40227 | Vaults:1 | Identified the +6 long sword of Gozag's Outrage {pain, rF++
                  | rN+++ rCorr Dex-5}
 40455 | Vaults:2 | Received a gift from Trog
 40881 | Vaults:2 | Found Hyg Qipp's General Store.
 40887 | Vaults:2 | Bought a scroll of acquirement for 780 gold pieces
 40887 | Vaults:2 | Acquired a manual of Fighting
 41011 | Vaults:2 | Reached skill level 18 in Fighting
 41764 | Vaults:2 | You fall into a shaft and drop 2 floors!
 41840 | Vaults:4 | Received a gift from Trog
 42209 | Vaults:3 | Reached skill level 19 in Fighting
 42231 | Vaults:3 | Found a flickering gateway to a bazaar.
 42248 | Bazaar   | Entered a bazaar
 42248 | Bazaar   | Found Annul's Assorted Antiques.
 42248 | Bazaar   | Found Liddosk's Assorted Antiques.
 42248 | Bazaar   | Found Gox Wem's General Store.
 42248 | Bazaar   | Found Bekol's Weapon Boutique.
 42248 | Bazaar   | Found Siasug's Antique Weapon Shop.
 42277 | Bazaar   | Bought a wand of roots (8) for 268 gold pieces
 42277 | Bazaar   | Bought a scroll of enchant armour for 105 gold pieces
 42277 | Bazaar   | Bought a wand of acid (5) for 294 gold pieces
 42285 | Bazaar   | Bought 2 potions of heal wounds for 250 gold pieces
 42969 | Vaults:3 | Reached XP level 20. HP: 144/174 MP: 20/20
 43181 | Vaults:4 | Received a gift from Trog
 43224 | Vaults:4 | Noticed Mennas
 43268 | Vaults:4 | Killed Mennas
 43651 | Vaults:4 | Identified the +3 rapier "Arcanum" {flame, rC+ Str-4 Int+3}
 43849 | Vaults:4 | Reached skill level 20 in Fighting
 44172 | Vaults:4 | Identified the +8 chain mail "Hekhlesm" {Will+ Str+3
                  | Slay+3}
 44461 | Vaults:4 | Received a gift from Trog
 44756 | Depths:1 | Entered Level 1 of the Depths
 44798 | Depths:1 | Found Rang's Antique Weapon Shoppe.
 44830 | Depths:1 | Found Jiyteclu's Jewellery Emporium.
 45095 | Depths:1 | Found a gateway to Hell.
 45290 | Depths:1 | Reached skill level 21 in Fighting
 45302 | Depths:1 | Found a one-way gate to the infinite horrors of the Abyss.
 45827 | Depths:2 | Received a gift from Trog
 45934 | Depths:2 | Reached skill level 22 in Fighting
 46236 | Depths:2 | Found a one-way gate leading to the halls of Pandemonium.
 46256 | Depths:2 | Reached skill level 15 in Shields
 46295 | Depths:2 | Reached XP level 21. HP: 189/189 MP: 21/21
 46498 | Depths:2 | Found a hazy altar of Hepliaklqana.
 47011 | Depths:2 | Received a gift from Trog
 48771 | Depths:3 | Noticed a juggernaut
 48780 | Depths:3 | Killed a juggernaut
 49023 | Depths:3 | Reached skill level 15 in Dodging
 49079 | Depths:3 | Reached skill level 15 in Armour
 49397 | Depths:3 | Found a hide-covered altar of Uskayaw.
 49885 | D:14     | Killed Viydgh's ghost
 49925 | D:14     | Killed SirLogeyBear's ghost
 49947 | D:14     | Identified the amulet "Bemeosua" {Faith -Tele +Inv Regen+
                  | Slay+4 Stlth+}
 49951 | D:14     | Identified the +1 cloak of Vomo {rElec Str+2}
 50129 | Elf:1    | Entered Level 1 of the Elven Halls
 50150 | Elf:1    | Identified the +3 broad axe "Fore Leo" {heavy, Drain rPois
                  | rC++ rN+} (Trog gifted it to you on level 1 of the Elven
                  | Halls)
 50150 | Elf:1    | Received a gift from Trog
 50222 | Elf:1    | Gained mutation: Your magical and physical power is
                  | slightly enhanced at high health. [demonic ancestry]
 50222 | Elf:1    | Reached XP level 22. HP: 175/196 MP: 22/22
 50225 | Elf:1    | Paralysed by an air elemental for 1 turns
 50312 | Elf:1    | Paralysed by an air elemental for 1 turns
 50495 | Elf:1    | Found Opusahuc's Armour Shop.
 51334 | Elf:2    | Found Benazaeg's Distillery.
 51483 | Elf:2    | Found a runed translucent gate.
 51483 | Elf:2    | Found a runed translucent gate.
 51484 | Elf:2    | Found a runed translucent gate.
 51538 | Elf:2    | Received a gift from Trog
 51639 | Elf:2    | Found a shimmering blue altar of Sif Muna.
 52447 | Elf:3    | Entered Level 3 of the Elven Halls
 52539 | Elf:3    | Received a gift from Trog
 52667 | Elf:3    | Received a gift from Trog
 52760 | Elf:3    | Found the +3 Elemental Staff {rElec rF+ rC+ AC+3}
 52798 | Elf:3    | Identified the +7 chain mail "Roca" {Drain MP+9 Int+2
                  | Dex+5}
 52803 | Elf:3    | Identified the +7 rapier "Rakaoss" {venom, *Slow rPois rF+}
 52819 | Elf:3    | Identified the +2 robe "Coris" {Str+4 Int-3 SInv}
 52837 | Elf:3    | Found the +6 arbalest "Damnation" {damnation}
 52844 | Elf:3    | Identified the staff of fire "Ditetoisk" {rF+ Str+4 Dex+3}
 53406 | Elf:3    | Identified the +4 ring mail "Vilaekoc" {Rampage Slay+3}
 53449 | Elf:3    | Acquired a manual of Shields
 53719 | D:4      | Killed pkoi's ghost
 53817 | D:6      | Killed meatcentipede's ghost
 54289 | Trove    | Entered a treasure trove
 54298 | Trove    | Identified the ring "Cuxkuung" {rPois Will++ Dex+6 Stlth+}
 54304 | Trove    | Identified the +1 tower shield "Weys Vuo" {rF+ rN+ Str+6}
 54305 | Trove    | Identified the amulet of the Ego {Acrobat rC+}
 54323 | Trove    | Identified the +13 crystal plate armour of the Heavens
                  | {Dex+4}
 54325 | Trove    | Identified the amulet of Uphawumm {Acrobat rF+++ rN+ Str+7
                  | Int-2}
 54336 | Trove    | Identified the +6 plate armour of Pathos {Drain rElec
                  | Str+9}
 54798 | Vaults:2 | Found a staircase to the Crypt.
 54828 | Crypt:1  | Entered Level 1 of the Crypt
 55298 | Crypt:1  | Reached * piety under Trog
 55344 | Crypt:1  | Reached skill level 23 in Fighting
 55421 | Crypt:1  | Noticed Bai Suzhen
 55430 | Crypt:1  | Killed Bai Suzhen
 55851 | Crypt:2  | Gained mutation: Your magical and physical power is
                  | enhanced at high health. [demonic ancestry]
 55851 | Crypt:2  | Reached XP level 23. HP: 51/206 MP: 23/23
 55927 | Crypt:2  | Noticed Grunn
 56249 | Crypt:2  | Killed Grunn
 57022 | Crypt:3  | Entered Level 3 of the Crypt
 57022 | Crypt:3  | Found a staircase to the Tomb.
 57304 | Crypt:3  | Identified the +8 scale mail of the Endless Expanse {Str+4}
 58072 | Crypt:3  | Identified the staff of cold "Wastriol" {rC+ Will+}
 58125 | Crypt:3  | Noticed Jory
 58137 | Crypt:3  | Killed Jory
 58601 | Crypt:3  | Found the +7 Spriggan's Knife {stab, EV+4 Stlth+}
 58606 | Crypt:3  | Identified the +0 plate armour "Wasaf" {Rampage Str+4}
 58609 | Crypt:3  | Identified the +5 battleaxe "Eviscerator" {heavy, rPois}
 58617 | Crypt:3  | Identified the ring of Psychosis {Fly rElec rC+ Str+3}
 58645 | Crypt:3  | Identified the +7 chain mail of the Farrier {-Tele Rampage
                  | Will- Str+9}
 58650 | Crypt:3  | Identified the staff of death "Caygrekh" {rN+ Str+6}
 58807 | Crypt:3  | Identified the ring of Trepidation {rN+ Dex+3}
 58807 | Crypt:3  | Identified the ring of Veff {rPois rN+}
 59202 | Vaults:5 | Entered Level 5 of the Vaults
 59209 | Vaults:5 | Received a gift from Trog
 59221 | Vaults:5 | Noticed an ancient lich
 59232 | Vaults:5 | Killed an ancient lich
 59233 | Vaults:5 | Reached skill level 15 in Evocations
 59273 | Vaults:4 | Reached XP level 24. HP: 216/216 MP: 23/23
 59364 | Vaults:4 | Reached skill level 24 in Fighting
 59382 | Vaults:4 | Received a gift from Trog
 59492 | Vaults:5 | Identified the +4 war axe of the Scorpion {holy, Int+4}
 59541 | Vaults:5 | Identified the ring "Duoxkubu" {AC+4 Int+2}
 59676 | Vaults:5 | Got a silver rune of Zot
 60065 | Vaults:5 | Identified the +6 flail of the Swamp {holy, Contam Str+2
                  | Dex+6}
 60099 | Vaults:5 | Found the +3 giant club "Skullcrusher" {speed, Str+7}
 60108 | Vaults:5 | Identified the +2 cloak of the Snail {Int+5}
 60121 | Vaults:5 | Identified the staff of cold "Egesoga" {rF- rC+ Str+4
                  | Dex+3}
 60726 | Vaults:5 | Received a gift from Trog
 60927 | Depths:4 | Entered Level 4 of the Depths
 61141 | Depths:4 | Identified the +10 quarterstaff "Ysirom" {heavy, Dex+3}
 61144 | Depths:4 | Found a one-way gateway to a ziggurat.
 61204 | Depths:4 | Found Geof's Antique Armour Shop.
 61211 | Depths:4 | Found Mouhoogg's General Store.
 61213 | Depths:4 | Found Ovepik's Antique Weapon Shop.
 61217 | Depths:4 | Bought a bloodstained cloak for 190 gold pieces
 61217 | Depths:4 | Identified the +1 cloak of the Equinox {Harm rC- rCorr}
                  | (You bought it in a shop on level 4 of the Depths)
 61224 | Depths:4 | Bought the ring "Deffa" {rN+ Will+ Str+6 Int+2} for 570
                  | gold pieces
 61304 | Depths:4 | Reached skill level 25 in Fighting
 61505 | Depths:4 | Found a gate to the Realm of Zot.
 62089 | Zot:1    | Entered Level 1 of the Realm of Zot
 62186 | Zot:1    | Received a gift from Trog
 62383 | Zot:1    | Gained mutation: A meltable icy envelope protects you from
                  | harm. (AC +8) [demonic ancestry]
 62383 | Zot:1    | Reached XP level 25. HP: 161/230 MP: 23/23
 62715 | Zot:1    | Reached skill level 26 in Fighting
 63771 | Zot:2    | Acquired the +2 pair of slick slippers {slick, slippery,
                  | EV+4}
 63771 | Zot:2    | Found the +2 pair of slick slippers {slick, slippery, EV+4}
 63847 | Zot:2    | You are sucked into a shaft and drop 1 floor!
 63854 | Zot:3    | Acquired a manual of Armour
 63881 | Zot:3    | Noticed a Killer Klown
 63887 | Zot:3    | Killed a Killer Klown
 63915 | Zot:3    | Reached skill level 27 in Fighting
 64049 | Zot:2    | Found a runed translucent gate.
 64050 | Zot:2    | Found a runed translucent gate.
 64050 | Zot:2    | Noticed Zooplokett's ghost (master HOCK)
 64052 | Zot:2    | Found a runed translucent gate.
 64580 | Zot:3    | Received a gift from Trog
 64932 | Zot:3    | Identified the staff of earth "Guxesse" {Int+2}
 65556 | Zot:3    | Identified the +0 ring mail of Hysteria {*Corrode Int+5}
 65837 | Zot:4    | Received a gift from Trog
 66417 | Zot:5    | Entered Level 5 of the Realm of Zot
 66604 | Zot:5    | Reached XP level 26. HP: 228/242 MP: 23/23
 67438 | Zot:5    | Noticed a dread lich
 67466 | Zot:5    | Killed a dread lich
 67624 | Zot:5    | Noticed an orb of fire
 67625 | Zot:5    | Noticed an orb of fire
 67632 | Zot:5    | Gained mutation: You are dopey. (Int -2) [an orb of fire]
 67633 | Zot:5    | Gained mutation: You are frail. (-10% HP) [an orb of fire]
 67633 | Zot:5    | Noticed an orb of fire
 67637 | Zot:5    | Killed an orb of fire
 67640 | Zot:5    | Gained mutation: You have hidden genetic defects. [an orb
                  | of fire]
 67645 | Zot:5    | Killed an orb of fire
 67650 | Zot:5    | Killed an orb of fire
 67654 | Zot:5    | Noticed an orb of fire
 67666 | Zot:5    | Killed an orb of fire
 67673 | Zot:5    | Noticed an orb of fire
 67685 | Zot:5    | Killed an orb of fire
 67688 | Zot:5    | Noticed a dread lich
 67700 | Zot:5    | Killed a dread lich
 67920 | Zot:4    | Lost mutation: You are frail. (-10% HP) [potion of
                  | mutation]
 67920 | Zot:4    | Lost mutation: You are dopey. (Int -2) [potion of mutation]
 67920 | Zot:4    | Lost mutation: You have hidden genetic defects. [potion of
                  | mutation]
 67920 | Zot:4    | Gained mutation: You possess an exceptional clarity of
                  | mind. [potion of mutation]
 67920 | Zot:4    | Gained mutation: You occasionally lose the ability to drink
                  | potions when taking damage. [potion of mutation]
 67921 | Zot:4    | Lost mutation: You occasionally lose the ability to drink
                  | potions when taking damage. [potion of mutation]
 67921 | Zot:4    | Lost mutation: You possess an exceptional clarity of mind.
                  | [potion of mutation]
 67921 | Zot:4    | Gained mutation: You have large cloven feet. [potion of
                  | mutation]
 67921 | Zot:4    | Gained mutation: Your spells are a little harder to cast,
                  | but a little more powerful. [potion of mutation]
 67949 | Zot:5    | Received a gift from Trog
 68481 | Zot:5    | Got the Orb of Zot
 68769 | Depths:1 | Noticed Ceigh the pandemonium lord
 68778 | Depths:1 | Killed Ceigh the pandemonium lord
 68939 | D:10     | Noticed Buevvot the pandemonium lord
 69263 | D:$      | Escaped with the Orb!

Illustrated notes

Levels and vault maps discovered:
D:1:      dpeg_arrival_rooms_with_view, layout_basic, serial_shops, shop
D:2:      layout_basic, serial_shops, nicolae_square_shop
D:3:      layout_basic, mainiacjoe_overflow_catch_the_wave, uniq_sigmund
D:4:      layout_cave_pools, nicolae_ru_awakened_eye, portal_sewer_entry_a,
          gammafunk_ghost_mausoleum, item_on_display_a
D:5:      layout_gridville, skrybe_limestone_x, uniq_ijyb
D:6:      layout_basic, gammafunk_temple_overflow_statue,
          minmay_temple_entry_junction, gammafunk_ghost_nasty_kobolds,
          serial_shops, shop, nicolae_shop_rolling_square, nicolae_shop_stone,
          nicolae_shop_hallway_plus, nicolae_shop_stone, nrook_uturn,
          st_stairs_2, serial_bayou_ford_a, uniq_blork_the_orc, uniq_maggie,
          uniq_prince_ribbit1
D:7:      layout_loops_corners, serial_demonic, serial_demonic_g,
          serial_demonic_g, serial_demonic_c, serial_demonic_g,
          uniq_crazy_yiuf_cottage
D:8:      layout_rooms, nicolae_gozag_conspicuous_consumption
D:9:      layout_stronghold, grunt_ministairs_4
D:10:     layout_irregular_city, old_standard_altar, lair_entry_dummy,
          serial_shops, nicolae_shop_competitors_out_of_business,
          hangedman_fish_farm, uniq_urug
D:11:     layout_irregular_city, david_orc_3, serial_shops, shop,
          fedhas_altar_fruit_tree, uniq_josephine
D:12:     layout_loops_corners
D:13:     layout_stronghold, gauntlet_entry_generic,
          portal_ice_cave_entry_pillars_1, trove_entry_hex_spiral,
          hangedman_decor_points, nicolae_shop_i_like_big_books, david_greed,
          uniq_rupert, uniq_sonja
D:14:     layout_gridville, grunt_vaults_entry_fortified, kennysheep_cross_room,
          gammafunk_ghost_crypt, grunt_ministairs_2
D:15:     gammafunk_depths_entry_grave, layout_gridville,
          nemelex_xobeh_ov_fountains_minmay
Lair:1:   layout_chaotic_city, hibernation_bobbens, infiniplex_staircase_pool_2,
          grunt_megastairs_5, lemuel_fruit_fields
Lair:2:   layout_cave_pods, elwin_shoals_entry_rooms,
          hellmonk_spider_entry_not_the_bees, uniq_amaemon
Lair:3:   layout_regular_city, nicolae_volcano_entry_vermiform, uniq_gastronok
Lair:4:   layout_gridlike, uniq_kirke
Lair:5:   evilmike_catoblepas_cave, layout_loops_ring,
          minmay_slime_entry_oklob_open
Shoals:1: layout_shoals, uniq_roxanne
Shoals:2: layout_shoals, uniq_ilsuiw, uniq_louise, uniq_polyphemus,
          uniq_mlioglotl
Shoals:3: layout_shoals, nicolae_shoals_gull_way
Shoals:4: shoals_end_grunt_ice, layout_shoals, shoal_ilsuiw
Spider:1: layout_spider_delve, nicolae_spider_some_kinda_spiderbox
Spider:2: layout_spider_delve, uniq_azrael, uniq_frances
Spider:3: layout_spider_delve, hangedman_stitches_earthworm, uniq_mara,
          uniq_donald
Spider:4: grunt_spider_rune_circles, drop_trap, uniq_agnes
Orc:1:    layout_caves, nicolae_orc_stony_grotto
Orc:2:    grunt_orc_cross, layout_caves, nicolae_orc_flooded_monolith
Elf:1:    eino_elf_arrival_customs, layout_loops_corners, serial_shops, shop,
          minmay_elf_annihilation, amcnicky_mini_corridor_feature,
          statue_in_the_mist_lemuel, moated_statue
Elf:2:    elven_hall_of_blades_hangedman_original
          [nicolae_blade_entry_crossed_weapons], layout_loops_cross,
          serial_shops, nicolae_take_the_stairs, basic_altar, fountainhead
Elf:3:    grunt_elf_hall_branching, layout_geoelf_diagonals
Vaults:1: vaults_room_boxed, nicolae_vaults_alarming,
          nicolae_vaults_lightning_bolt, v_rooms_5, vaults_room_door_hall,
          not_door_vault_mu, nicolae_vaults_tetromino_Z_1,
          nicolae_vaults_tangram_1, nicolae_vaults_closet_pinwheel_4,
          nicolae_vaults_bisected_exclaves, v_alt_pattern_1,
          layout_vaults_big_cross, uniq_aizul, uniq_asterion
Vaults:2: nicolae_vaults_wrenched, v_pattern_4,
          nicolae_vaults_trapezoid_layered, minmay_crypt_entry_simple_round,
          nicolae_vaults_turnstiles, v_alt_pattern_6, nicolae_vaults_six-pack,
          nicolae_vaults_trapezoid_3, nicolae_vaults_sesquioval_fish,
          nicolae_vaults_house_1, layout_vaults_ring, serial_shops,
          nicolae_shop_trees
Vaults:3: v_misc_12, grunt_vaults_bifocal, nicolae_vaults_house_3,
          ontoclasm_vaults_ligature, ontoclasm_vaults_loading_screen,
          grunt_vaults_hallway_long, nicolae_vaults_little_squares_4,
          nicolae_vaults_oval_intersection, nicolae_vaults_rhombus_7,
          vaults_mumra_minichess_inversion, hangedman_vaults_nails,
          layout_vaults_maze, serial_shops, bzr_entry_gold
Vaults:4: nicolae_vaults_network_square, v_rooms_4, hangedman_vaults_pinch,
          ontoclasm_vaults_claustrophobia, v_misc_9, layout_vaults_omnigrid,
          uniq_mennas
Vaults:5: serial_shops
Crypt:1:  layout_regular_city, grunt_crypt_arrival_webbed, uniq_bai_suzhen
Crypt:2:  layout_basic, uniq_grunn
Crypt:3:  due_elkab, layout_chaotic_city, grunt_ministairs_3, uniq_jory
Depths:1: layout_gridville, hangedman_tar_grid_catacomb,
          nicolae_abyss_entry_one_way_or_another, minmay_misc_feat_nine_boxes,
          kennysheep_generic_room_13, minmay_shoptagon
Depths:2: hangedman_arch_fort, layout_cross, serial_co_window_serial,
          co_window_corner_a, co_window_of_opportunity_a, co_window_corner_a,
          co_window_corner_a, co_window_corner_a, co_window_paths_a,
          co_window_paths_b, co_window_broadway_c, co_window_of_opportunity_b,
          co_window_paths_c, co_window_paths_c, co_window_corner_ca,
          glass_columns_a, glass_columns_b, glass_columns_b, glass_columns_a,
          pan_entry, grunt_hell_horde, nzn_hepliaklqana_mist_gate
Depths:3: kennysheep_snake, layout_honeycomb, abyss_entry,
          hangedman_coc_ice_floe, nicolae_uskayaw_suspiria,
          minmay_misc_feat_five, minmay_staircase_bubble
Depths:4: grunt_zot_entry_hairpin, layout_gridville, enter_ziggurat_a,
          corexii_hall_statues_i, grunt_hell_entry_dis_mu,
          chequers_decorated_corner, minmay_shop_star
Zot:1:    layout_gridlike, hangedman_elemental_corridor
Zot:2:    layout_misc_corridors, gammafunk_ghost_split
Zot:3:    kennysheep_blocky_hall, layout_gridlike, hangedman_snake_sidewinding
Zot:4:    layout_basic
Zot:5:    layout_gridlike

Skill      XL: |  1  2  3  4  5  6  7  8  9 10 11 12 13 14 15 16 17 18 19 20 21 22 23 24 25 26 |
---------------+-------------------------------------------------------------------------------+-----
Fighting       | 4 5 6 8 9 10 12 13 14 15 16 17 19 22 23 25 27 | 27.0
Axes           | 3 4 5 6 7 10 11 12 13 14 15 16 17 18 | 18.0
Armour         | 2 3 4 5 6 7 9 10 12 13 14 15 16 19 21 | 21.5
Dodging        | 2 3 4 6 7 9 10 12 13 14 15 16 18 19 | 19.1
Evocations     | 3 5 7 9 10 11 15 | 15.0
Shields        | 2 4 6 8 9 10 15 18 19 21 22 24 | 24.1

Action                     |  1- 3 |  4- 6 |  7- 9 | 10-12 | 13-15 | 16-18 | 19-21 | 22-24 | 25-27 || total
---------------------------+-------+-------+-------+-------+-------+-------+-------+-------+-------++-------
  Melee: Hand axe          |    55 |    35 |    35 |       |       |       |       |       |       ||   125
         Whip              |    36 |   109 |   178 |   785 |   458 |       |       |       |       ||  1566
         Headbutt          |     6 |    23 |    46 |   189 |   383 |   316 |   382 |   341 |   200 ||  1886
         Punch             |     1 |     1 |       |       |       |       |       |       |       ||     2
         War axe           |       |       |    69 |       |       |       |       |       |       ||    69
         Broad axe         |       |       |       |       |   902 |  1350 |  1331 |  1189 |   584 ||  5356
  Throw: Dart              |       |     3 |    26 |     8 |    27 |       |       |       |       ||    64
 Invoke: Berserk           |     1 |     2 |     3 |     2 |     6 |     2 |       |       |       ||    16
         Trog's Hand       |       |     3 |     5 |     2 |     4 |    18 |    10 |     5 |       ||    47
  Evoke: Wand              |       |     3 |    10 |     8 |    16 |    44 |     1 |     1 |     1 ||    84
         Box of beasts     |       |     1 |     1 |     2 |     2 |     1 |     1 |       |       ||     8
         Phantom mirror    |       |       |       |       |     2 |     1 |     1 |       |       ||     4
         Condenser vane    |       |       |       |       |       |     2 |     2 |     1 |       ||     5
         Lightning rod     |       |       |       |       |       |       |       |       |     1 ||     1
    Use: Scroll            |     4 |     6 |     4 |     6 |    18 |    14 |     5 |     2 |     8 ||    67
         Potion            |       |       |     1 |     1 |     1 |    11 |    10 |     1 |     7 ||    32
   Stab: Distracted        |       |       |       |       |     1 |     1 |       |       |       ||     2
         Held in net/web   |       |       |       |       |       |       |       |     1 |       ||     1
 Armour: Animal skin       |     1 |       |       |       |       |       |       |       |       ||     1
         Ring mail         |    12 |       |       |       |       |       |       |       |       ||    12
         Scale mail        |    11 |       |       |       |       |       |       |       |       ||    11
         Chain mail        |     2 |    87 |   102 |     4 |   185 |       |   275 |    88 |       ||   743
         Plate armour      |       |       |       |   234 |   291 |   827 |   212 |       |       ||  1564
         Crystal plate arm |       |       |       |       |       |       |       |   281 |   201 ||   482
  Dodge: Dodged            |    37 |    51 |    72 |   135 |   255 |   585 |   447 |   546 |   381 ||  2509
  Block: Other             |       |       |    18 |       |       |       |       |       |       ||    18
         Kite shield       |       |       |    62 |   460 |  1043 |  1095 |   272 |       |       ||  2932
         Reflection        |       |       |       |       |    17 |    83 |    43 |       |       ||   143
         Tower shield      |       |       |       |       |       |       |   736 |  1416 |   639 ||  2791
